 Dungeon Crawl Stone Soup version 0.20.1-1-g8b1a95d (webtiles) character file.

87 Gadfly the Conjurer (level 4, 0/34 HPs)
             Began as a Draconian Conjurer on Dec 4, 2017.
             Slain by an orc wizard
             ... wielding a +0 dagger
              (3 damage)
             ... on level 3 of the Dungeon.
             The game lasted 00:08:01 (1951 turns).

Gadfly the Conjurer (Draconian Conjurer)            Turns: 1951, Time: 00:08:01

Health: 0/34       AC:  5    Str: 12 (14) XL:     4   Next: 28%
Magic:  4/8        EV: 12    Int: 16 (17) God:
Gold:   56         SH:  0    Dex:  8 (11) Spells: 2/9 levels left

rFire    . . .     SeeInvis .   j - +0 spear
rCold    . . .     Gourm    .   (no shield)
rNeg     . . .     Faith    .   (armour unavailable)
rPois    .         Spirit   .   (helmet restricted)
rElec    .         Reflect  .   (no cloak)
rCorr    .         Harm     .   (no gloves)
MR       .....                  (no boots)
Stlth    ++........             c - amulet of magic regeneration
Regen    0.2/turn               (no ring)
MPRegen  0.2/turn               (no ring)

@: no status effects
A: unfitting armour, horns 1, strong 2, cold-blooded, AC +5
a: no special abilities


You were on level 3 of the Dungeon.
You were very hungry.

You visited 1 branch of the dungeon, and saw 3 of its levels.

You collected 56 gold pieces.

Inventory:

Hand Weapons
 j - a +0 spear (weapon)
Jewellery
 c - an amulet of magic regeneration (around neck)
Wands
 l - a wand of digging (10/24)
 n - a wand of acid (8/15)
Scrolls
 f - a scroll of remove curse {unknown}
 h - a scroll of noise {unknown}
 k - a scroll of identify
 m - a scroll of teleportation
Potions
 e - a potion of heal wounds {unknown}
 i - a potion of curing
Books
 a - a book of Conjurations

   Spells                             Type                      Level
   a - Magic Dart                     Conjuration                  1
   b - Searing Ray                    Conjuration                  2
   c - Dazzling Spray                 Conjuration/Hexes            3
   d - Fulminant Prism                Conjuration/Hexes            4
   e - Force Lance                    Conjuration/Translocation    4
   f - Iskenderun's Mystic Blast      Conjuration                  4
Comestibles
 b - 2 bread rations
 d - 4 royal jellies
 g - 2 meat rations


   Skills:
 * Level 0.7 Fighting
 * Level 2.1 Dodging
 - Level 1.7 Stealth
 * Level 3.0 Spellcasting
 * Level 4.8 Conjurations
 * Level 0.6 Evocations


You had 2 spell levels left.
You knew the following spells:

 Your Spells              Type           Power        Failure   Level  Hunger
a - Magic Dart            Conj           ###.         2%          1    #......
b - Searing Ray           Conj           ###...       4%          2    ##.....
c - Iskenderun's Mystic   Conj           ###.....     26%         4    #####..


Dungeon Overview and Level Annotations

Branches:
Dungeon (3/15)

Altars:
Gozag
Makhleb
Nemelex Xobeh
Sif Muna
Yredelemnul


Innate Abilities, Weirdness & Mutations

Your plain brown scales are hard. (AC +5)
You cannot fit into any form of body armour.
You are cold-blooded and may be slowed by cold attacks.
You have a pair of small horns on your head.
Your muscles are very strong. (Str +4)


Message History

Aim: an orc, wielding a hand axe (almost dead)
The magic dart hits the orc.
You kill the orc!
The goblin shouts!
You hear some strange, mumbled words.
A magic dart appears from out of thin air!
The magic dart hits you!
* * * LOW HITPOINT WARNING * * *
It was a potion of degeneration.
There was something very wrong with that liquid.
You feel weakened.
You feel dopey.
You feel clumsy.
You hear some strange, mumbled words.
A magic dart appears from out of thin air!
The magic dart hits you!
* * * LOW HITPOINT WARNING * * *
You feel better. Something hits you.
* * * LOW HITPOINT WARNING * * *
Something hits you.
* * * LOW HITPOINT WARNING * * *
Something hits you.
You die...

#...# #.##.##
....###.##.# ###
###.....##.# #..
#........# #.#
###.##########.#
####. #...#
#......#......
#...#
#......#......
#...#
#...........#
#...# #.....@#
#...# #....{.#
####...######.##)#
..............##g#
...........>..##.#
.............##...
####...####### ...
#>..# ..... #...#
.....


You could see a goblin.

Vanquished Creatures
  Robin (D:2)
  An adder (D:1)
  2 worms (D:2)
  3 dart slugs
  A leopard gecko (D:2)
  2 orcs (D:3)
  2 giant cockroaches
  8 goblins
  8 hobgoblins
  4 jackals (D:2)
  7 kobolds
  A quokka (D:3)
  2 bats (D:1)
  A frilled lizard (D:1)
  5 rats
48 creatures vanquished.

Vanquished Creatures (others)
  A goblin (D:2)
1 creature vanquished.

Grand Total: 49 creatures vanquished

Notes
Turn   | Place    | Note
-------+----------+-------------------------------------------
     0 | D:1      | Gadfly the Draconian Conjurer began the quest for the Orb.
     0 | D:1      | Reached XP level 1. HP: 14/14 MP: 3/3
   460 | D:1      | Reached XP level 2. HP: 20/20 MP: 3/5
   464 | D:1      | Learned a level 2 spell: Searing Ray
   838 | D:2      | Reached XP level 3. HP: 27/27 MP: 0/6
   876 | D:2      | Noticed Robin
   879 | D:2      | Killed Robin
  1141 | D:2      | Found an opulent altar of Gozag.
  1142 | D:2      | Found a sparkling altar of Nemelex Xobeh.
  1175 | D:2      | Gained mutation: You have a pair of small horns on your head. [potion of mutation]
  1175 | D:2      | Gained mutation: Your muscles are strong. (Str +2) [potion of mutation]
  1175 | D:2      | Gained mutation: Your muscles are very strong. (Str +4) [potion of mutation]
  1357 | D:2      | Reached XP level 4. HP: 27/34 MP: 3/8
  1397 | D:2      | Learned a level 4 spell: Iskenderun's Mystic Blast
  1563 | D:2      | Found a deep blue altar of Sif Muna.
  1797 | D:3      | Found a burning altar of Makhleb.
  1798 | D:3      | Found a basalt altar of Yredelemnul.
  1946 | D:3      | HP: 1/34 [orc/hand axe (5)]
  1951 | D:3      | Slain by an orc wizard

Skill      XL: |  1  2  3  4 |
---------------+-------------+-----
Dodging        | 2 |  2.1
Spellcasting   | 3 |  3.0
Fighting       | |  0.7
Stealth        | |  1.7
Conjurations   | |  4.8
Evocations     | |  0.6

Action                   |  1- 3 |  4- 6 || total
-------------------------+-------+-------++-------
Melee: Spear             |    36 |    10 ||    46
       Tailslap          |     3 |       ||     3
       Headbutt          |       |     1 ||     1
 Cast: Magic Dart        |    58 |    20 ||    78
       Searing Ray       |     5 |     2 ||     7
  Use: Scroll            |     3 |     1 ||     4
       Potion            |     4 |     3 ||     7
  Eat: Chunk             |     2 |     1 ||     3
Armor: Skin              |     8 |     8 ||    16
Dodge: Dodged            |    31 |     2 ||    33
